 Dungeon Crawl Stone Soup version 0.30.0-16-gbe6223bb7e (webtiles) character file.

Game seed: 6338661285568938931

338 NateTC the Cudgeller (level 6, -2/40 HPs)
             Began as a Gargoyle Fighter on May 21, 2023.
             Slain by an ogre
             ... wielding a +0 giant club
              (16 damage)
             ... on level 3 of the Dungeon.
             The game lasted 00:06:44 (2192 turns).

NateTC the Cudgeller (Gargoyle Fighter)             Turns: 2192, Time: 00:06:45

Health: -2/40      AC: 15    Str: 22    XL:     6   Next: 55%
Magic:  0/6        EV: 10    Int:  8    God:
Gold:   135        SH:  5    Dex:  9    Spells: 5/5 levels left

rFire   . . .        a - +0 flail
rCold   + . .        c - +1 buckler
rNeg    + . .        j - +4 ring mail
rPois   ∞            (no helmet)
rElec   +            b - +0 cloak
rCorr   .            (no gloves)
SInv    .            (no boots)
Will    .....        g - amulet "Mido" {Spirit +Blink} Stlth
                     o - ring of protection from cold
HPRegen 0.26/turn    (no ring)
MPRegen 0.10/turn

%: guardian spirit
@: no status effects
A: sickness immunity, AC +4, negative energy resistance 1, electricity
resistance, torment resistance 1, petrification resistance
a: Evoke Blink


You were on level 3 of the Dungeon.
You visited 1 branch of the dungeon, and saw 4 of its levels.

You collected 245 gold pieces.
You spent 110 gold pieces at shops.

Inventory:

Hand Weapons
 a - a +0 flail (weapon)
Armour
 b - a +0 cloak (worn)
 c - a +1 buckler (worn)
 j - a +4 ring mail (worn)
Jewellery
 g - the amulet "Mido" (around neck) {Spirit +Blink}
   (You bought it in a shop on level 2 of the Dungeon)

   [amulet of guardian spirit]

   It causes incoming damage to be divided between your reserves of health and
   magic.
   +Blink:    It lets you blink.
 o - a ring of protection from cold (left hand)
Scrolls
 n - 7 scrolls of teleportation
 r - a scroll of immolation
Potions
 e - a potion of lignification
 f - 2 potions of brilliance
 h - 2 potions of curing
 i - 2 potions of berserk rage {unknown}
 k - 2 potions of attraction {unknown}
 m - 2 potions of mutation {unknown}
 q - a potion of degeneration {unknown}


   Skills:
 - Level 5.0 Fighting
 * Level 5.8 Maces & Flails
 - Level 3.2 Armour
 - Level 3.2 Shields


You had 5 spell levels left.
You didn't know any spells.
Your spell library contained the following spells:

 Spells                   Type           Power      Damage    Failure   Level
 Beastly Appendage        Tmut           0%         N/A       63%         1
 Freeze                   Ice            0%         1d3       63%         1
 Wereblood                Tmut           0%         N/A       77%         2
 Frozen Ramparts          Ice            0%         1d1       94%         3
 Hailstorm                Conj/Ice       0%         3d3       94%         3
 Spider Form              Tmut/Pois      0%         N/A       94%         3


Dungeon Overview and Level Annotations

Branches:
Dungeon (4/15) Zot: 21743
 Temple: D:4-7

Altars:
Trog

Shops:
D:2 *   D:3 (


Innate Abilities, Weirdness & Mutations

You are immune to sickness and miasma.
Your stone body is resilient. (AC +4)
You are immune to poison.
You resist negative energy. (rN+)
You are resistant to electric shocks. (rElec)
You are resistant to unholy torment.
You are immune to petrification.


Message History

You block the ball python's attack. The ball python constricts you.
You sock the ball python!
You kill the ball python!
You see here a ball python corpse.
Found 14 gold pieces.
Found a scroll of teleportation.
You now have 135 gold pieces (gained 14).
n - 7 scrolls of teleportation (gained 1)
You see here a +0 hand axe.
You open the large door.
A dart slug and an ogre come into view.
The ogre shouts!
A phantom comes into view.
Found a book of Changes.
There is a large open door here.
You barely miss the ogre. The ogre hits you but does no damage.
You hit the ogre.
The ogre is lightly wounded.
The ogre hits you with a +0 giant club!!
The dart slug launches a dart at you. The slug dart misses you.
There is a stone staircase leading up here.
The ogre hits you with a +0 giant club.
You climb upwards.
There is a stone staircase leading down here.
You hit the ogre.
The ogre is lightly wounded.
The ogre hits you with a +0 giant club.
You closely miss the ogre.
The ogre is lightly wounded.
You sock the ogre!
The ogre is heavily wounded.
The ogre hits you with a +0 giant club!
You completely miss the ogre.
The ogre is heavily wounded.
The ogre barely misses you.
You thump the ogre!
The ogre is almost dead.
The ogre hits you with a +0 giant club!
You die...

# #.....###.###.#...#####......
### ####..##...##))).#.).###.....
..# ##.##..............##.##.#
#.## #..................#.##.#
#..# ##..................#.##.#
##.# ##...................#.##.#
##.# #...................##.##.#
...####.........#...##....##.##.#
#...........(...@...##..#..#.##.#
....###.........O...###.........#
.....#......................#...#
................#....######......
....#...........#....# ###..##
................#....# ##..#
.....................### ##...#
.....#..........#......# #.)#.#
.....<.........##.#..#.####.#.∩#


You could see an ogre.

Vanquished Creatures
  Duvessa (D:4)
  Dowan (D:4)
  A jelly (D:4)
  Ijyb (D:4)
  3 gnolls (D:3)
  3 adders
  An ufetubus (D:4)
  A worm (D:2)
  A dart slug (D:1)
  4 endoplasms
  4 giant cockroaches
  9 goblins
  4 hobgoblins
  3 jackals (D:2)
  4 kobolds
  3 quokkas
  7 ball pythons
  6 bats
  3 frilled lizards (D:1)
  9 rats
69 creatures vanquished.

Notes
Turn   | Place    | Note
-------+----------+-------------------------------------------
     0 | D:1      | NateTC the Gargoyle Fighter began the quest for the Orb.
     0 | D:1      | Reached XP level 1. HP: 14/14 MP: 1/1
   129 | D:1      | Reached XP level 2. HP: 9/20 MP: 2/2
   413 | D:1      | Reached XP level 3. HP: 24/24 MP: 3/3
   481 | D:2      | Found Eluen's Assorted Antiques.
   508 | D:2      | Bought a vibrating amethyst amulet for 110 gold pieces
   508 | D:2      | Identified the amulet "Mido" {Spirit +Blink} (You bought it
                  | in a shop on level 2 of the Dungeon)
   886 | D:2      | Reached skill level 5 in Fighting
  1169 | D:2      | Reached XP level 4. HP: 15/31 MP: 1/4
  1416 | D:3      | Found a bloodstained altar of Trog.
  1528 | D:3      | Found Nicej's Weapon Emporium.
  1579 | D:3      | Reached XP level 5. HP: 14/35 MP: 1/5
  1804 | D:4      | Noticed Ijyb
  1836 | D:4      | Killed Ijyb
  2019 | D:4      | Noticed Duvessa
  2048 | D:4      | Noticed Dowan
  2049 | D:4      | Killed Duvessa
  2050 | D:4      | Reached skill level 5 in Maces & Flails
  2050 | D:4      | Reached XP level 6. HP: 25/40 MP: 3/6
  2062 | D:4      | Killed Dowan
  2192 | D:3      | Slain by an ogre

Illustrated notes

Levels and vault maps discovered:
D:1:      onia_arrival_mini_spirals, layout_rooms
D:2:      layout_loops_ring, serial_shops, shop_coins, st_stairs_7, hex_tiny
D:3:      layout_rooms, mainiacjoe_overflow_alcove_2, serial_shops, shop
D:4:      layout_rooms, kennysheep_opposing_triangles, uniq_duvessa, uniq_ijyb

Skill      XL: |  1  2  3  4  5 |
---------------+----------------+-----
Fighting       | 4 5 |  5.0
Maces & Flails | 3 5 |  5.8
Armour         | |  3.2
Shields        | |  3.2

Action                     |  1- 3 |  4- 6 || total
---------------------------+-------+-------++-------
  Melee: Flail             |   146 |   124 ||   270
    Use: Scroll            |     5 |     4 ||     9
         Potion            |       |     6 ||     6
 Armour: Scale mail        |    84 |    49 ||   133
         Ring mail         |       |    24 ||    24
  Dodge: Dodged            |    83 |    68 ||   151
  Block: Buckler           |    34 |    33 ||    67
